AoeStats
← AOELG_bravedave92

MegaRandom

510065147Analyzed
2v2 RM · 4d ago on Sep 29, 2026· 47m 2s· 4 players
Game mode
Random Map
Map size
Medium (4 player)
Population
200
Speed
Normal
Resources
Standard
Victory
Conquest
Starting age
Dark Age
Ending age
Imperial Age
RankedLock teamsTeams togetherTeam positionsShared explorationLock speedFull tech treeHidden civsTurbo modeCheats
Victory
Defeat
🇩🇪 Goths · Germany
1142
+14
🇨🇭 Gurjaras · Switzerland
1093
+15
🇬🇧 Bulgarians · United Kingdom
1102
-15
🇨🇱 Saracens · Chile
1078
-37
Leomonrrou
10:28 Feudal Age
12:37 Double-Bit Axe
13:41 Loom
16:51 Horse Collar
25:11 Castle Age
26:35 Stone Mining
27:14 Bow Saw
29:37 Bloodlines
34:44 Pikeman
38:47 Imperial Age
38:48 Squires
38:40 Gambesons
39:01 Scale Mail Armor
39:11 Forging
41:08 Scale Barding Armor
41:39 Iron Casting
Antoine
9:47 Loom
12:10 Feudal Age
14:10 Scale Mail Armor
14:33 Arson
16:12 Forging
17:50 Double-Bit Axe
17:47 Horse Collar
18:00 Gold Mining
19:22 Wheelbarrow
20:17 Bloodlines
23:24 Castle Age
24:25 Chain Mail Armor
24:46 Iron Casting
24:19 Scale Barding Armor
23:55 Pikeman
26:14 Husbandry
28:00 Husbandry
28:39 Husbandry
31:52 Hand Cart
35:50 Gambesons
36:12 Town Watch
37:36 Squires
38:08 Chain Mail Armor
37:44 Fletching
38:51 Town Patrol
38:53 Heavy Plow
39:31 Gold Shaft Mining
38:46 Stone Mining
39:10 Bow Saw
40:25 Chain Barding Armor
40:00 Bodkin Arrow
40:29 Stirrups
45:47 Imperial Age
46:00 Ballistics
47:41 Blast Furnace
AOELG_bravedave92
6:55 Loom
9:16 Feudal Age
11:11 Man-at-Arms
12:25 Double-Bit Axe
12:35 Fletching
13:08 Forging
25:02 Castle Age
24:11 Horse Collar
25:33 Scale Mail Armor
26:38 Iron Casting
26:55 Padded Archer Armor
27:32 Crossbowman
29:11 Leather Archer Armor
34:16 Anarchy
35:38 Wheelbarrow
35:43 Squires
36:16 Sanctity
37:03 Bow Saw
36:22 Pikeman
38:09 Chain Mail Armor
38:46 Long Swordsman
43:23 Hand Cart
43:25 Bodkin Arrow
46:30 Imperial Age
frickman
0:40 Loom
10:35 Feudal Age
11:48 Double-Bit Axe
16:26 Horse Collar
18:59 Gold Mining
19:22 Forging
19:18 Scale Barding Armor
21:16 Castle Age
20:37 Bloodlines
21:05 Fletching
22:51 Iron Casting
23:23 Heavy Plow
25:23 Bow Saw
25:19 Stone Mining
27:39 Husbandry
29:09 Chain Barding Armor
28:46 Bodkin Arrow
29:42 Stone Shaft Mining
30:26 Wheelbarrow
35:23 Imperial Age
34:40 Padded Archer Armor
36:29 Hand Cart
37:07 Conscription
37:09 Frontier Guards
37:47 Crop Rotation
37:58 Heavy Camel Rider
38:30 Siege Elephant
41:01 Frontier Guards
43:33 Elite Chakram Thrower
44:47 Elite Shrivamsha Rider
44:47 Light Cavalry
46:05 Plate Barding Armor
46:33 Hoardings
Connection lost

Rejoining the realm…

Still unreachable

The connection could not be restored.

Session expired

The server has moved on; the page needs a fresh start.